 Dungeon Crawl Stone Soup version 0.29-a0-241-g20d21d4356 (webtiles) character file.

Game seed: 12153482162013466561

1303 HotDog the Cudgeller (level 8, -3/49 HPs)
             Began as a Gargoyle Fighter on Mar 4, 2022.
             Was an Initiate of the Shining One.
             Killed by divine providence
             ... invoked by an orc priest
              (14 damage)
             ... on level 3 of the Dungeon.
             The game lasted 00:08:39 (6798 turns).

HotDog the Cudgeller (Gargoyle Fighter)             Turns: 6798, Time: 00:08:40

Health: -3/49      AC: 21    Str: 22    XL:     8   Next: 57%
Magic:  9/9        EV:  8    Int:  9    God:    the Shining One [......]
Gold:   258        SH:  0    Dex:  9    Spells: 7/7 levels left

rFire   . . .      SeeInvis .   a - +0 flail
rCold   . . .      Faith    .   c - +0 buckler
rNeg    + . .      Spirit   .   l - +0 chain mail
rPois   ∞          Reflect  .   e - +2 helmet
rElec   +          Harm     .   f - +0 cloak
rCorr   .          Rampage  .   (no gloves)
Will    .....                   n - +0 pair of boots
Stlth   ..........              (no amulet)
HPRegen 0.16/turn               (no ring)
MPRegen 0.11/turn               (no ring)

@: confused, ambrosia-drunk, glowing
A: sickness immunity, AC +5, negative energy resistance 1, electricity
resistance, torment resistance 1, petrification resistance
a: Renounce Religion


You were on level 3 of the Dungeon.
You worshipped the Shining One.
The Shining One was noncommittal.
You visited 2 branches of the dungeon, and saw 6 of its levels.

You collected 258 gold pieces.

Inventory:

Hand Weapons
 a - a +0 flail (weapon)
 d - a +4 flail of draining
Armour
 c - a +0 buckler (worn)
 e - a +2 helmet (worn)
 f - a +0 cloak (worn)
 l - a +0 chain mail (worn)
 n - a +0 pair of boots (worn)
Wands
 r - a wand of charming (7)
 t - a wand of paralysis (6)
Scrolls
 h - 2 scrolls of immolation
 k - 2 scrolls of blinking
 p - 2 scrolls of teleportation
 s - a scroll of torment
Potions
 b - a potion of ambrosia
 g - a potion of haste
 i - 2 potions of attraction
 j - a potion of curing
 m - a potion of lignification
 q - a potion of flight
 u - a potion of invisibility


   Skills:
 * Level 5.3 Fighting
 * Level 6.4 Maces & Flails
 * Level 6.0 Armour
 * Level 2.5 Dodging
 * Level 4.8 Shields
 * Level 2.4 Invocations


You had 7 spell levels left.
You didn't know any spells.
Your spell library contained the following spells:

 Spells                   Type           Power      Damage    Failure   Level
 Blink                    Tloc           0%         N/A       99%         2
 Corpse Rot               Necr/Air       0%         N/A       99%         2
 Dispel Undead            Necr           0%         3d6       100%        4
 Manifold Assault         Tloc           0%         N/A       100%        5
 Death Channel            Necr           0%         N/A       100%        6
 Storm Form               Tmut/Air       0%         N/A       100%        7


Dungeon Overview and Level Annotations

Branches:
Dungeon (5/15)             Temple (1/1) D:5

Altars:
Ashenzari
Cheibriados
Fedhas
Kikubaaqudgha
Makhleb
Okawaru
Sif Muna
Vehumet
Wu Jian
Xom
Yredelemnul
Zin
The Shining One

Annotations:
D:3 Grinder


Innate Abilities, Weirdness & Mutations

You are immune to sickness and miasma.
Your stone body is resilient. (AC +5)
You are immune to poison.
You resist negative energy. (rN+)
You are resistant to electric shocks. (rElec)
You are resistant to unholy torment.
You are immune to petrification.


Message History

Grinder is almost dead.
You block the orc priest's attack.
Grinder blinks!
The orc priest hits you but does no damage.
You sock the orc!
You kill the orc!
The orc priest hits you but does no damage.
Found a scroll labelled JIMNUNN SEAF.
The endoplasm freezes you.
You are frozen.
The orc priest barely misses you.
Things that are here:
a +0 dagger; a +0 leather armour You barely miss the orc priest.
The endoplasm barely misses you.
The orc priest hits you with a +2 trident of protection.
You hit the endoplasm.
The endoplasm is severely wounded.
The endoplasm freezes you.
You are frozen.
The orc priest barely misses you. Grinder hits you.
You writhe in agony.
You are too injured to fight recklessly!
You are too injured to fight recklessly!
The orc priest mumbles some strange prayers to Beogh against you.
Beogh smites you!
* * * LOW HITPOINT WARNING * * *
Grinder blinks!
Unknown command.
You are confused.
You feel invigorated. The endoplasm barely misses you.
The orc priest hits you but does no damage.
You bump into the rock wall.
The endoplasm freezes you.
You are frozen.
* * * LOW HITPOINT WARNING * * *
The orc priest hits you from afar with a +2 trident of protection.
* * * LOW HITPOINT WARNING * * *
You are too injured to fight recklessly!
You are too injured to fight recklessly!
You bump into the rock wall.
The endoplasm barely misses you.
The orc priest calls down the wrath of Beogh upon you.
Beogh smites you!
You die...

..# ... .. # #.###.#
?.... # ... #.#####
####.# #.....##
#@Joo#
#####...###)##...≈≈≈.
#.........)).#..≈≈≈≈≈
#.###...###..#..≈≈≈≈≈
##.## #..##.≈≈≈≈≈
#..# #..# ..≈≈≈. #...
##'###..# #.....
##... ##...##..#
###### ....
##.....##.. ... ##...


You could see an orc priest, an orc and an endoplasm.

Vanquished Creatures
  Sigmund (D:3)
  Edmund (D:4)
  An ice beast (D:5)
  An ogre (D:5)
  A phantom (D:5)
  A centaur (D:5)
  Blork the orc (D:4)
  A necrophage (D:5)
  2 scorpions (D:5)
  A crimson imp (D:4)
  4 hounds
  An orc priest (D:5)
  Jessica (D:3)
  An orc wizard (D:5)
  Robin (D:2)
  4 adders
  4 gnolls
  2 worms
  3 dart slugs
  12 orcs
  9 ball pythons
  9 bats
  7 endoplasms
  5 giant cockroaches
  12 goblins
  12 hobgoblins
  7 jackals (D:4)
  2 quokkas
  3 frilled lizards
  7 kobolds
  7 rats
124 creatures vanquished.

Vanquished Creatures (others)
  2 demonic plants (D:1)
  9 toadstools (D:3)
11 creatures vanquished.

Grand Total: 135 creatures vanquished

Notes
Turn   | Place    | Note
-------+----------+-------------------------------------------
     0 | D:1      | HotDog the Gargoyle Fighter began the quest for the Orb.
     0 | D:1      | Reached XP level 1. HP: 14/14 MP: 1/1
   147 | D:1      | Reached XP level 2. HP: 18/19 MP: 2/2
   463 | D:1      | Reached XP level 3. HP: 23/23 MP: 3/3
   898 | D:1      | Found a faded altar of an unknown god.
  1493 | D:2      | Noticed Robin
  2189 | D:2      | Reached XP level 4. HP: 25/29 MP: 4/4
  2757 | D:2      | Killed Robin
  2941 | D:2      | Reached skill level 1 in Invocations
  3364 | D:3      | Reached skill level 1 in Dodging
  3401 | D:3      | Noticed an ogre
  3460 | D:2      | Reached XP level 5. HP: 7/33 MP: 5/5
  3770 | D:3      | Noticed Sigmund
  4156 | D:3      | Killed Sigmund
  4157 | D:3      | Reached XP level 6. HP: 29/38 MP: 5/7
  4550 | D:4      | Noticed Edmund
  4608 | D:4      | Killed Edmund
  4609 | D:4      | Reached XP level 7. HP: 38/44 MP: 8/8
  4671 | D:4      | Noticed Blork the orc
  4682 | D:4      | Killed Blork the orc
  5020 | D:4      | Reached skill level 5 in Armour
  5202 | D:4      | Found a blossoming altar of Fedhas.
  5243 | D:4      | Found a shimmering altar of Xom.
  5244 | D:4      | Found a burning altar of Makhleb.
  5705 | D:5      | Entered Level 5 of the Dungeon
  5711 | D:5      | Reached skill level 5 in Maces & Flails
  5774 | D:5      | Reached XP level 8. HP: 46/48 MP: 9/9
  5783 | D:5      | Reached skill level 5 in Fighting
  6178 | D:5      | Found a glowing golden altar of the Shining One.
  6278 | D:5      | Found a staircase to the Ecumenical Temple.
  6294 | Temple   | Entered the Ecumenical Temple
  6425 | D:5      | Became a worshipper of the Shining One
  6764 | D:3      | Noticed Jessica
  6767 | D:3      | Killed Jessica
  6781 | D:3      | Noticed Grinder
  6798 | D:3      | Killed from afar by an orc priest

Illustrated notes

Levels and vault maps discovered:
D:1:      giann_forest_graveyard, layout_loops_ring,
          dreamdust_ecumenical_altar_sealed_demon, dk_noncrumbling_2
D:2:      layout_loops_cross, minmay_liquid_box, uniq_robin
D:3:      cheibrodos_fertilizer, layout_loops_ring, serial_shops,
          nicolae_lakefront_shop, dreamdust_princess_corridor,
          dk_noncrumbling_3, amethyst_killhole, minmay_crystal_room,
          minmay_misc_feat_secret_circle, grunt_ministairs_11, uniq_grinder,
          uniq_sigmund, uniq_ijyb, uniq_jessica
D:4:      layout_basic, grunt_temple_overflow_champion_of_chaos,
          general_overflow_altar, nrook_mini_vaults, nrook_mini_backslash,
          uniq_blork_the_orc, uniq_edmund
D:5:      layout_rooms, overflow_temple_1_default,
          minmay_temple_entry_nine_rooms, dreamdust_mushroom_princess,
          uniq_prince_ribbit1
Temple:   jpeg_temple_island

Skill      XL: |  1  2  3  4  5  6  7  8 |
---------------+-------------------------+-----
Invocations    | 1 2 |  2.4
Maces & Flails | 3 4 5 6 |  6.4
Armour         | 4 5 6 |  6.0
Dodging        | 1 2 |  2.5
Fighting       | 4 5 |  5.3
Shields        | 4 |  4.8

Action                   |  1- 3 |  4- 6 |  7- 9 || total
-------------------------+-------+-------+-------++-------
Melee: Flail             |   122 |   198 |   128 ||   448
  Use: Scroll            |     5 |     4 |     6 ||    15
       Potion            |       |     4 |     1 ||     5
Armor: Scale mail        |    86 |    23 |       ||   109
       Chain mail        |       |   124 |    87 ||   211
Dodge: Dodged            |    73 |    88 |    43 ||   204
Block: Buckler           |    37 |    46 |    24 ||   107

Table legend: (Time is in decaauts)
 A = Elapsed time spent in this place.
 B = Non-inter-level travel time spent in this place.
 C = Inter-level travel time spent in this place.
 D = Time resting spent in this place.
 E = Time spent auto-exploring this place.
 F = Levels seen in this place.
 G = Mean time per level.
                   A        B        C        D        E       F      G
               +--------+--------+--------+--------+--------+-----+--------+
         Total |   6918 |   6646 |    272 |   2729 |   2694 |   6 | 1153.0 |
       Dungeon |   6834 |   6597 |    237 |   2729 |   2665 |   5 | 1366.8 |
        Temple |     83 |     48 |     35 |      0 |     29 |   1 |   83.0 |
               +--------+--------+--------+--------+--------+-----+--------+

Top non-repeatable levels by time:
     D:1: 2326 daAuts
     D:4: 1453 daAuts
     D:2: 1323 daAuts
     D:3: 1143 daAuts
     D:5: 588 daAuts
  Temple: 83 daAuts
